 Dungeon Crawl Stone Soup version 0.26-a0-966-gd078a86f14 (webtiles) character file.

Game seed: 14042698006163384989

316 TheDeanity the Twirler (level 6, -9/48 HPs)
             Began as a Demonspawn Gladiator on Dec 4, 2020.
             Killed from afar by Pikel (22 damage)
             ... with a bolt of acid
             ... on level 5 of the Dungeon.
             The game lasted 00:08:30 (4292 turns).

TheDeanity the Twirler (Demonspawn Gladiator)       Turns: 4292, Time: 00:08:30

Health: -9/48      AC:  4    Str: 16    XL:     6   Next: 20%
Magic:  15/15      EV: 17    Int:  9    God:
Gold:   239        SH:  0    Dex: 15    Spells: 5/5 levels left

rFire    . . .     SeeInvis .   c - +2 quarterstaff (chaos)
rCold    . . .     Faith    .   (shield currently unavailable)
rNeg     . . .     Spirit   .   b - +0 leather armour
rPois    .         Reflect  .   (helmet restricted)
rElec    .         Harm     .   n - +0 cloak (curse)
rCorr    .         Rampage  .   (no gloves)
MR       .....                  (no boots)
Stlth    +.........             (no amulet)
HPRegen  0.16/turn              e - +4 ring of evasion
MPRegen  0.14/turn              h - ring of magical power

@: no status effects
A: horns 1, powered by death 1, sturdy frame 1
a: no special abilities


You were on level 5 of the Dungeon.
You visited 1 branch of the dungeon, and saw 5 of its levels.

You collected 239 gold pieces.

Inventory:

Hand Weapons
 a - a +0 quarterstaff
 c - a +2 quarterstaff of chaos (weapon)
Missiles
 d - 3 throwing nets (quivered)
Armour
 b - a +0 leather armour (worn)
 n - a cursed +0 cloak (worn)
Jewellery
 e - a +4 ring of evasion (left hand)
 h - a ring of magical power (right hand)
 l - a -4 ring of dexterity
Wands
 r - a wand of iceblast (5)
Scrolls
 f - a scroll of amnesia {unknown}
 m - a scroll of enchant weapon {unknown}
 s - a scroll of blinking {unknown}
 u - a scroll of identify {unknown}
Potions
 g - 4 potions of curing
 i - a potion of lignification {unknown}
 j - 2 potions of berserk rage {unknown}
 k - 2 potions of brilliance {unknown}
 o - a potion of flight {unknown}
 p - a potion of mutation {unknown}
 q - 3 potions of heal wounds {unknown}
 t - a potion of cancellation {unknown}
 v - a potion of degeneration {unknown}
 w - a potion of magic {unknown}


   Skills:
 + Level 3.9 Fighting
 * Level 5.3 Staves
 - Level 2.0 Throwing
 - Level 3.0 Dodging


You had 5 spell levels left.
You didn't know any spells.
Your spell library was empty.

Dungeon Overview and Level Annotations

Branches:
Dungeon (5/15)
 Temple: D:4-7

Altars:
Nemelex Xobeh

Annotations:
D:4 Menkaure
D:5 Pikel


Innate Abilities, Weirdness & Mutations

You have a pair of small horns on your head.
You regenerate a little health from kills.
Your movements are slightly less encumbered by armour. (ER -2)


Message History

n - a cursed +0 cloak You start putting on your armour.
You continue putting on your cursed +0 cloak. x4
You finish putting on your cursed +0 cloak.
Oops, that feels deathly cold.
Your +2 quarterstaff of chaos is briefly surrounded by a scintillating aura of random colours.
c - a +2 quarterstaff of chaos (weapon)
Magic restored.
There is a stone staircase leading down here.
You climb downwards.
You hear the sound of rushing water.
There is an entrance to a sewer on this level.
Hurry and find it before the portal rusts away! 4 lemures and Pikel come into view.
Pikel is wielding a +0 whip of electrocution, wearing a +2 robe of the Archmagi and carrying a wand of acid (11).
The lemure shouts! x3; Pikel shouts!
The lemure shouts!
You hear a shout!
There is a stone staircase leading up here.
The lemure hits you.
* * * LOW HITPOINT WARNING * * *
Pikel zaps a wand.
The bolt of acid hits you!!
You die...

#
#..####
#..55@#
##.##K#
#5# .5.
#.# #.#
#.# #.#


You could see Pikel and 4 lemures.

Vanquished Creatures
  Crazy Yiuf (D:4)
  A hound (D:4)
  An orc wizard (D:2)
  Natasha (thrice) (D:4)
  A hound skeleton (D:4)
  6 adders
  An adder zombie (D:4)
  3 dart slugs
  A worm (D:2)
  5 leopard geckos
  3 orcs
  A ball python (D:2)
  7 bats
  5 giant cockroaches
  8 hobgoblins
  11 kobolds
  A quokka (D:1)
  3 frilled lizards
  9 goblins
  6 rats
77 creatures vanquished.

Vanquished Creatures (others)
  6 plants (D:3)
6 creatures vanquished.

Grand Total: 83 creatures vanquished

Notes
Turn   | Place    | Note
-------+----------+-------------------------------------------
     0 | D:1      | TheDeanity the Demonspawn Gladiator began the quest for the
                  | Orb.
     0 | D:1      | Reached XP level 1. HP: 16/16 MP: 1/1
   280 | D:1      | Gained mutation: You have a pair of small horns on your
                  | head. [demonic ancestry]
   280 | D:1      | Reached XP level 2. HP: 18/22 MP: 2/2
   288 | D:1      | Reached skill level 3 in Staves
   739 | D:1      | Reached XP level 3. HP: 28/28 MP: 3/3
  1544 | D:2      | Gained mutation: You regenerate a little health from kills.
                  | [demonic ancestry]
  1544 | D:2      | Reached XP level 4. HP: 10/34 MP: 4/4
  1971 | D:2      | Reached skill level 4 in Staves
  2472 | D:3      | Found a sparkling altar of Nemelex Xobeh.
  2806 | D:3      | Gained mutation: Your movements are slightly less
                  | encumbered by armour. (ER -2) [demonic ancestry]
  2806 | D:3      | Reached XP level 5. HP: 11/41 MP: 5/5
  3442 | D:4      | Noticed Natasha
  3448 | D:4      | Killed Natasha
  3552 | D:4      | Noticed Menkaure
  3594 | D:4      | Noticed Natasha
  3604 | D:4      | Killed Natasha
  3805 | D:4      | Reached skill level 5 in Staves
  3822 | D:4      | Noticed Natasha
  3826 | D:4      | Killed Natasha
  3945 | D:4      | Reached XP level 6. HP: 38/48 MP: 6/6
  4143 | D:4      | Found a runed translucent door.
  4144 | D:4      | Noticed Crazy Yiuf
  4266 | D:4      | Killed Crazy Yiuf
  4291 | D:5      | Entered Level 5 of the Dungeon
  4291 | D:5      | Noticed Pikel
  4292 | D:5      | Killed from afar by Pikel

Illustrated notes

Levels and vault maps discovered:
D:1:      lightli_molten_gateway, layout_basic
D:2:      layout_loops_cross
D:3:      layout_loops_ring, lemuel_crystal_altar, serial_bayou_lake_a
D:4:      layout_cave_pools, uniq_crazy_yiuf_cottage, uniq_natasha,
          uniq_menkaure
D:5:      layout_loops_ring, nicolae_overflow_crystal_walls, serial_shops, shop,
          portal_sewer_entry_e, uniq_pikel, uniq_eustachio, uniq_blork_the_orc

Skill      XL: |  1  2  3  4  5 |
---------------+----------------+-----
Staves         | 3 4 5 |  5.3
Throwing       | 2 |  2.0
Dodging        | 3 |  3.0
Fighting       | 3 |  3.9

Action                   |  1- 3 |  4- 6 || total
-------------------------+-------+-------++-------
Melee: Quarterstaff      |   106 |    99 ||   205
       Headbutt          |    12 |    19 ||    31
Evoke: Wand              |       |     2 ||     2
  Use: Potion            |     1 |       ||     1
       Scroll            |       |     5 ||     5
 Stab: Sleeping          |       |     2 ||     2
Armor: Leather armour    |    23 |    16 ||    39
Dodge: Dodged            |    60 |    65 ||   125

Table legend: (Time is in decaauts)
 A = Elapsed time spent in this place.
 B = Non-inter-level travel time spent in this place.
 C = Inter-level travel time spent in this place.
 D = Time resting spent in this place.
 E = Time spent auto-exploring this place.
 F = Levels seen in this place.
 G = Mean time per level.
                   A        B        C        D        E       F      G
               +--------+--------+--------+--------+--------+-----+--------+
         Total |   4346 |   4268 |     78 |      5 |   3597 |   5 |  869.2 |
       Dungeon |   4346 |   4268 |     78 |      5 |   3597 |   5 |  869.2 |
               +--------+--------+--------+--------+--------+-----+--------+

Top non-repeatable levels by time:
     D:1: 1229 daAuts
     D:2: 1192 daAuts
     D:4: 1024 daAuts
     D:3: 899 daAuts
     D:5: 0 daAuts
